Description

The 15 hatch build on paper does not appear to be that strong. However its main advantage comes from the fact that it appears as a regular standard hatch first build until it is too late and there are tons of speedlings heading towards/arriving at the opponents base. It is a good build because it is difficult to scout and the required response is fairly specific. Lastly, due to being on 2 hatcheries, the 15 hatch all-in can easily deal some amount of damage and be even and proceed to macro and be even.

In short, the goals of the build are:

Delay the first overlord to get a faster first hatchery and spawning pool
Do everything to appear as a standard hatch first build
Secretly mass as many lings as possible and attack as zergling speed is finishing

Build Order

Get SALT Encoding   

  12  0:01  Drone  
  13  0:10  Drone  
  14  0:16  Extractor  drone trick
  14  0:17  Drone  
  15  0:39  Hatchery  
  14  0:44  Extractor  
  14  0:59  Spawning Pool  
  14  1:03  Drone  
  15  1:13  Drone  
  15  1:32  Overlord  
  17  1:48  Queen  
  19  1:50  Queen  
  19  1:51  Metabolic Boost  pull drones
  25  2:00  Zergling x6  
  29  2:15  Zergling x3  
  29  2:25  Overlord  
Spawning Tool Build Advisor. Get it on Overwolf

Go to:

Details

  • Created by: kingfish
  • Published on: Aug 27, 2019
  • Modified on: Aug 27, 2019
  • Patch: 4.7.1
Show
View Real Time Build Order
Export as new Build Order

Comments (0)

There are no comments. Be the first!

Create an account to comment!